 Dungeon Crawl Stone Soup version 0.20-a0-270-g8e735b6 (webtiles) character file.

2324 Jarlath the Carver (level 9, -1/63 HPs)
             Began as a High Elf Skald on Dec 9, 2016.
             Was an Initiate of Dithmenos.
             Slain by an orc warrior
             ... wielding a +0 glaive
              (23 damage)
             ... on level 6 of the Dungeon.
             The game lasted 00:09:37 (6849 turns).

Jarlath the Carver (High Elf Skald)                 Turns: 6849, Time: 00:09:38

Health: -1/63      AC: 10    Str: 16    XL:     9   Next: 19%
Magic:  11/18      EV: 16    Int: 15    God:    Dithmenos [......]
Gold:   300        SH:  0    Dex: 20    Spells: 10/18 levels left

rFire  . . .     SeeInvis .     a - +0 falchion
rCold  + . .     Gourm    .     s - +2 acid dragon scales
rNeg   . . .     Faith    .     (no shield)
rPois  .         Spirit   .     i - +0 helmet
rElec  .         Reflect  .     (no cloak)
rCorr  +         Harm     .     o - +0 pair of gloves
MR     +....                    (no boots)
Stlth  +.........               (no amulet)
                                f - ring of protection from cold
                                k - ring of protection from magic

@: mighty, singing, very slightly contaminated
A: no striking features
a: Renounce Religion, Stop Singing


You were on level 6 of the Dungeon.
You worshipped Dithmenos.
Dithmenos was noncommittal.
You were not hungry.

You visited 2 branches of the dungeon, and saw 7 of its levels.
You also visited: Ossuary.

You collected 300 gold pieces.

Inventory:

Hand Weapons
 a - a +0 falchion (weapon)
Armour
 i - a +0 helmet (worn)
 o - a +0 pair of gloves (worn)
 s - +2 acid dragon scales (worn)
Jewellery
 e - an uncursed ring of see invisible
 f - a ring of protection from cold (right hand)
 k - a ring of protection from magic (left hand)
Wands
 j - a wand of confusion (30/48)
 t - a wand of disintegration (0/24)
 C - a wand of teleportation (0/9)
Scrolls
 b - a scroll of amnesia
 g - a scroll of recharging
 h - a scroll of noise
 n - 3 scrolls of remove curse
 u - 4 scrolls of teleportation
 y - 2 scrolls of blinking
 A - a scroll of magic mapping
Potions
 l - 4 potions of lignification
 p - a potion of heal wounds
 r - 2 potions of brilliance
 v - a potion of invisibility {unknown}
 w - 9 potions of curing
 x - 3 potions of magic
 z - a potion of haste
 D - a potion of flight {unknown}
Books
 c - a book of Battle

   Spells                             Type                      Level
   a - Infusion                       Charms                       1
   b - Shroud of Golubria             Charms/Translocation         2
   c - Song of Slaying                Charms                       2
   d - Spectral Weapon                Hexes/Charms                 3
   e - Regeneration                   Charms/Necromancy            3
 m - a book of Misfortune

   Spells                             Type                      Level
   a - Confusing Touch                Hexes                        1
   b - Confuse                        Hexes                        3
   c - Gell's Gravitas                Hexes/Translocation          3
   d - Petrify                        Transmutation/Earth          4
   e - Metabolic Englaciation         Hexes/Ice                    5
   f - Yara's Violent Unravelling     Hexes/Transmutation          5
 q - a book of Changes

   Spells                             Type                      Level
   a - Beastly Appendage              Transmutation                1
   b - Sticks to Snakes               Transmutation                2
   c - Spider Form                    Transmutation/Poison         3
   d - Ice Form                       Ice/Transmutation            4
   e - Blade Hands                    Transmutation                5
Comestibles
 d - 2 bread rations
 E - 4 fruits
 F - a beef jerky


   Skills:
 - Level 6.4 Fighting
 + Level 9.5 Long Blades
 - Level 0.8 Armour
 - Level 6.4 Dodging
 - Level 5.4 Spellcasting
 - Level 3.6 Charms


You had 10 spell levels left.
You knew the following spells:

 Your Spells              Type           Power        Failure   Level  Hunger
a - Infusion              Chrm           ##..         8%          1    None
b - Song of Slaying       Chrm           ##......     10%         2    #......
c - Shroud of Golubria    Chrm/Tloc      #.........   17%         2    #......
d - Regeneration          Chrm/Necr      #.........   34%         3    ###....


Dungeon Overview and Level Annotations

Branches:
Dungeon (6/15)             Temple (1/1) D:5

Altars:
Ashenzari
Cheibriados
Dithmenos
Elyvilon
Fedhas
Gozag
Hepliaklqana
Kikubaaqudgha
Makhleb
Nemelex Xobeh
Okawaru
Qazlal
Sif Muna
Trog
Uskayaw
Vehumet
Yredelemnul
Zin
The Shining One


Message History

The orc warrior hits you from afar with a glaive!
The orc warrior barely misses you.
Casting: Infusion
Confirm with . or Enter, or press ? or * to list all spells.
You start singing a song of slaying.
The orc warrior hits you with a glaive!
You barely miss the orc warrior.
The orc warrior is moderately wounded.
You hit the orc warrior.
The orc warrior is heavily wounded.
You are no longer magically infusing your attacks.
The orc warrior hits you but does no damage.
You hit the orc warrior.
The orc warrior is severely wounded.
The orc warrior hits you with a glaive.
You closely miss the orc warrior.
The orc warrior is severely wounded.
You barely miss the orc warrior.
The orc warrior is severely wounded.
The orc warrior hits you with a glaive!!
You die...

.....######### #(# #..(......#
#.# ###### #.##.####.# #.# .....#
.###.#...###.###.####### ####.#
..........##............ ####.#
##....)....#####..###.#. ...#.#
###......## #......#. ##.#.###
#.#.o.## #...#..#. ##.#...#
...##@## #......#. .....#.#
######.## ##....... ####...#
#...# ##.#.##. ##.## #...#
#..#... # #.# #...#########.#....
# #.# #.........#........ # #.#
######....####.#.##.#...
#####.####............<.......#..
...##.....................##..##.


You could see an orc warrior.

Vanquished Creatures
  Grinder (D:5)
  Edmund (D:5)
  An orc warrior (D:6)
  A black bear (D:6)
  3 ogres
  A big kobold (D:6)
  5 water moccasin zombies (Ossuary)
  2 scorpions
  2 howler monkeys
  An orc priest (D:3)
  5 hounds
  A centaur skeleton (D:6)
  Jessica (D:3)
  An iguana (D:4)
  10 orc wizards
  7 worker ants
  3 big kobold zombies (Ossuary)
  A hound skeleton (D:4)
  2 mummies (Ossuary)
  7 adders
  5 gnolls
  4 adder zombies (Ossuary)
  2 worms
  3 dart slugs
  17 orcs
  2 ball pythons
  7 giant cockroaches
  3 gnoll zombies (Ossuary)
  11 goblins
  11 hobgoblins
  3 jackals (D:5)
  2 quokkas
  8 bats
  7 frilled lizards
  4 hobgoblin zombies (Ossuary)
  2 jackal skeletons (D:4)
  10 kobolds
  5 kobold zombies (Ossuary)
  7 orc zombies (Ossuary)
  A quokka skeleton (D:4)
  12 rats
  A spectral orc (D:4)
183 creatures vanquished.

Notes
Turn   | Place    | Note
-------+----------+-------------------------------------------
     0 | D:1      | Jarlath the High Elf Skald began the quest for the Orb.
     0 | D:1      | Reached XP level 1. HP: 14/14 MP: 4/4
   244 | D:1      | Reached XP level 2. HP: 17/19 MP: 6/6
   255 | D:1      | Learned a level 2 spell: Song of Slaying
   258 | D:1      | Learned a level 2 spell: Shroud of Golubria
   476 | D:2      | Found a glowing golden altar of the Shining One.
   486 | D:2      | Reached skill level 3 in Long Blades
   524 | D:2      | Reached XP level 3. HP: 4/24 MP: 3/7
  1720 | D:2      | Reached XP level 4. HP: 29/29 MP: 4/8
  1823 | D:3      | Found a stormy altar of Qazlal.
  1914 | D:3      | Reached skill level 4 in Long Blades
  1914 | D:3      | Reached XP level 5. HP: 28/34 MP: 0/9
  2748 | D:3      | Reached skill level 5 in Dodging
  2883 | D:3      | Noticed Jessica
  2890 | D:3      | Killed Jessica
  2890 | D:3      | Reached XP level 6. HP: 20/39 MP: 7/10
  3355 | D:4      | Learned a level 3 spell: Regeneration
  3396 | D:4      | Reached skill level 5 in Long Blades
  3844 | D:4      | Reached XP level 7. HP: 42/45 MP: 1/12
  4174 | D:4      | Found a basalt altar of Yredelemnul.
  4229 | D:5      | Entered Level 5 of the Dungeon
  4254 | D:5      | Reached skill level 6 in Long Blades
  4505 | D:5      | Found a sand-covered staircase.
  4519 | Ossuary  | Entered an ossuary
  4619 | Ossuary  | Reached skill level 5 in Spellcasting
  4920 | Ossuary  | Reached XP level 8. HP: 50/51 MP: 3/17
  5318 | D:5      | Noticed Grinder
  5326 | D:5      | Paralysed by Grinder for 6 turns
  5332 | D:5      | Killed Grinder
  5332 | D:5      | Reached skill level 5 in Fighting
  5384 | D:5      | Noticed Edmund
  5440 | D:5      | Killed Edmund
  5806 | D:5      | Reached skill level 7 in Long Blades
  5912 | D:5      | Found a staircase to the Ecumenical Temple.
  5923 | Temple   | Entered the Ecumenical Temple
  6010 | Temple   | Became a worshipper of Dithmenos the Shadowed
  6175 | D:6      | Reached skill level 8 in Long Blades
  6180 | D:6      | Reached XP level 9. HP: 63/63 MP: 0/18
  6386 | D:6      | Reached skill level 9 in Long Blades
  6849 | D:6      | Slain by an orc warrior

Vault maps used:
D:1:      doesnt_arrival_eight_statues
D:2:      tso_metal_star
D:3:      first_bread, nicolae_qazlal_general_emergency, uniq_jessica
D:4:      yredelemnul_forgotten_temple_becter, minmay_misc_feat_rows
D:5:      enter_ossuary_1, uniq_edmund, uniq_grinder
Temple:   minmay_crystal_spiral_temple
Ossuary:  ossuary_tomb_2

Skill      XL: |  1  2  3  4  5  6  7  8  9 |
---------------+----------------------------+-----
Dodging        | 2 3 4 5 6 |  6.4
Long Blades    | 3 4 5 6 8 9 |  9.5
Spellcasting   | 3 5 |  5.4
Fighting       | 6 |  6.4
Armour         | |  0.8
Charms         | |  3.6

Action                   |  1- 3 |  4- 6 |  7- 9 || total
-------------------------+-------+-------+-------++-------
Melee: Falchion          |   114 |   222 |   438 ||   774
 Cast: Infusion          |     9 |    17 |    24 ||    50
       Shroud of Golubri |     1 |     5 |    13 ||    19
       Song of Slaying   |       |     3 |     8 ||    11
       Regeneration      |       |     1 |     1 ||     2
Evoke: Wand              |       |       |    10 ||    10
  Use: Scroll            |     5 |     7 |     7 ||    19
       Potion            |       |       |     4 ||     4
 Stab: Sleeping          |       |     2 |       ||     2
       Confused          |       |       |     1 ||     1
  Eat: Chunk             |     3 |     7 |     7 ||    17
       Beef jerky        |       |     1 |       ||     1
       Bread ration      |       |       |     1 ||     1
Armor: Leather armour    |    30 |       |       ||    30
       Acid dragon scale |     7 |    69 |   159 ||   235
Dodge: Dodged            |    85 |   138 |   289 ||   512
       Rpst.: Falchion   |    20 |    48 |    88 ||   156
